 Dungeon Crawl Stone Soup version 0.30-a0-6-g7c9e10e132 (webtiles) character file.

Game seed: 7676431101677192455

100 themarg the Firebug (level 4, -10/41 HPs)
             Began as a Gnoll Wanderer on Aug 22, 2022.
             Killed by divine providence
             ... invoked by an orc priest
              (12 damage)
             ... on level 3 of the Dungeon on Aug 23, 2022.
             The game lasted 00:10:51 (4085 turns).

themarg the Firebug (Gnoll Wanderer)                Turns: 4085, Time: 00:10:51

Health: -10/41     AC:  8    Str: 13    XL:     4   Next: 74%
Magic:  0/8        EV: 12    Int:  9    God:
Gold:   178        SH:  0    Dex: 14    Spells: 8/9 levels left

rFire   . . .      SeeInvis .    a - +0 dagger
rCold   . . .      Faith    .    (no shield)
rNeg    . . .      Spirit   +    d - +0 leather armour
rPois   +          Reflect  .    (no helmet)
rElec   .          Harm     .    (no cloak)
rCorr   .          Rampage  .    (no gloves)
Will    .....                    i - +0 pair of boots
Stlth   ++........               w - amulet of guardian spirit
HPRegen 0.13/turn                f - ring of poison resistance
MPRegen 0.11/turn                s - +4 ring of protection

@: no status effects
A: fangs 1, strong nose, distributed training
a: no special abilities


You were on level 3 of the Dungeon.
You visited 1 branch of the dungeon, and saw 3 of its levels.

You collected 178 gold pieces.

Inventory:

Hand Weapons
 a - a +0 dagger (weapon)
Armour
 d - a +0 leather armour (worn)
 i - a +0 pair of boots (worn)
Jewellery
 f - a ring of poison resistance (left hand)
 s - a +4 ring of protection (right hand)
 w - an amulet of guardian spirit (around neck)
Scrolls
 c - a scroll of blinking
 g - a scroll of teleportation {unknown}
 k - 2 scrolls of noise {unknown}
 l - 2 scrolls of vulnerability {unknown}
 m - a scroll of magic mapping {unknown}
 n - a scroll of enchant armour {unknown}
 t - a scroll of fear {unknown}
 u - a scroll of identify {unknown}
 x - a scroll of summoning {unknown}
 y - a scroll of brand weapon {unknown}
Potions
 b - 3 potions of curing
 e - 2 potions of lignification
 h - 2 potions of mutation {unknown}
 j - 2 potions of brilliance
 o - a potion of attraction {unknown}
 p - 2 potions of flight {unknown}
 q - a potion of degeneration {unknown}
 r - a potion of invisibility {unknown}
 v - a potion of heal wounds {unknown}


   Skills:
 + Level 6.6 Fighting
 + Level 1.2 Short Blades
 + Level 1.2 Long Blades
 + Level 1.2 Axes
 + Level 1.2 Maces & Flails
 + Level 1.2 Polearms
 + Level 1.2 Staves
 + Level 1.2 Ranged Weapons
 + Level 2.8 Throwing
 + Level 1.2 Armour
 + Level 2.8 Dodging
 + Level 1.2 Stealth
 + Level 1.2 Shields
 + Level 1.2 Unarmed Combat
 + Level 3.0 Spellcasting
 + Level 1.0 Conjurations
 + Level 1.0 Hexes
 + Level 1.0 Summonings
 + Level 1.0 Necromancy
 + Level 1.0 Translocations
 + Level 1.0 Transmutations
 + Level 7.1 Fire Magic
 + Level 1.0 Ice Magic
 + Level 1.0 Air Magic
 + Level 1.0 Earth Magic
 + Level 1.0 Poison Magic
 + Level 1.4 Invocations
 + Level 1.2 Evocations


You had 8 spell levels left.
You knew the following spells:

 Your Spells              Type           Power      Damage    Failure   Level
a - Foxfire               Conj/Fire      32%        2x1d5     7%          1

Your spell library contained the following spells:

 Spells                   Type           Power      Damage    Failure   Level
 Freeze                   Ice            12%        1d4       26%         1
 Magic Dart               Conj           12%        1d3       26%         1
 Call Imp                 Summ           3%         N/A       36%         2
 Flame Wave               Conj/Fire      8%         2d5       56%         4
 Sticky Flame             Conj/Fire      8%         2d3       56%         4
 Frozen Ramparts          Ice            6%         1d1       58%         3
 Mephitic Cloud           Conj/Pois/Air  3%         N/A       58%         3
 Anguish                  Hex/Necr       1%         N/A       94%         4
 Fulminant Prism          Conj/Hex       1%         3d6       94%         4
 Hailstorm                Conj/Ice       3%         3d3       94%         4
 Iskenderun's Mystic Bla  Conj/Tloc      3%         2d3       94%         4
 Lee's Rapid Deconstruct  Erth           1%         3d5*      100%        5
 Enfeeble                 Hex            1%         N/A       100%        7


Dungeon Overview and Level Annotations

Branches:
Dungeon (3/15)

Altars:

Shops:
D:1 [(=(   D:3 [


Innate Abilities, Weirdness & Mutations

You have very sharp teeth.
Your uncanny sense of smell can sniff out nearby items.
Your experience applies equally to all skills.


Message History

The orc is heavily wounded.
The orc hits you with a +1 flail of protection!
You hit the orc but do no damage.
The orc is heavily wounded.
The orc closely misses you.
You hit the orc but do no damage.
The orc is heavily wounded.
The orc closely misses you.
The orc wizard shouts!
You hit the orc but do no damage. You bite the orc, but do no damage.
The orc is heavily wounded.
The orc wizard mumbles some strange words.
The orc wizard flickers and vanishes!
Deactivating autopickup; reactivate with Ctrl-A.
The orc hits you but does no damage.
You barely miss the orc.
The orc is heavily wounded.
The orc hits you with a +1 flail of protection.
You closely miss the orc.
The orc is heavily wounded.
The orc hits you with a +1 flail of protection.
* * * LOW HITPOINT WARNING * * *
You barely miss the orc. You punch the orc, but do no damage.
The orc is heavily wounded.
You hit something but do no damage. You barely miss something.
Your bite misses something. Something hits you.
* * * LOW HITPOINT WARNING * * *
You barely miss something.
You hear some strange, mumbled words.
A magic dart appears from out of thin air!
The magic dart hits you.
* * * LOW HITPOINT WARNING * * *
You hit something. Something barely misses you.
You miss something. You bite something. Something hits you.
* * * LOW HITPOINT WARNING * * *
You miss something. Your bite misses something.
Something hits you but does no damage.
The orc priest calls down the wrath of Beogh upon you.
Beogh smites you!
You die...

#.#.#.#.#.###......# #<...#
#...#o#...# #......# #....#
#####.##### #......# #..).#
#...#.#...###......# #.)).#
#.#.#.#.#.#........# #....##
#.#†....#o###......# #.....#
#.#######.###......# #.....#
..# #).##......# ###.#.# ###
#..#####@######## #.#.# #
##..)####{##.....# #.#.# #
#..#.##..oo.o....## #.#.#
#.##.##.#.#o......####...# ##
#.##...................... .#
#.####..#.#...........#... .#
#####{#####........###...#.#..
.# #....o........###.##
##.#...#. .#
#..##.#####..###..# ##..∩..#


You could see an orc priest and 2 orcs.

Vanquished Creatures
  Jessica (D:2)
  An ufetubus (D:2)
  2 worms
  A dart slug (D:1)
  6 orcs (D:3)
  A ball python (D:3)
  3 bats
  5 endoplasms
  4 giant cockroaches
  3 hobgoblins
  2 jackals (D:1)
  7 kobolds
  2 quokkas
  A frilled lizard (D:2)
  5 goblins
  7 rats
51 creatures vanquished.

Vanquished Creatures (others)
  2 foxfires (D:2)
2 creatures vanquished.

Grand Total: 53 creatures vanquished

Notes
Turn   | Place    | Note
-------+----------+-------------------------------------------
     0 | D:1      | themarg the Gnoll Wanderer began the quest for the Orb.
     0 | D:1      | themarg set off with the following items: a +0 dagger, a
                  | potion of curing, a scroll of blinking, a +0 leather
                  | armour, a potion of lignification; and the following spell
                  | memorised: Foxfire; and the following spells available to
                  | memorise: Flame Wave, Sticky Flame.
     0 | D:1      | Reached XP level 1. HP: 23/23 MP: 4/4
   362 | D:1      | Found Mikhlaof's Weapon Shop.
   390 | D:1      | Found Dydusecy's Jewellery Shoppe.
   403 | D:1      | Reached XP level 2. HP: 24/29 MP: 5/5
   561 | D:1      | Found Nailutz's Antique Weapon Boutique.
  1205 | D:1      | Found a faded altar of an unknown god.
  1237 | D:1      | Found Pyn Epte's Antique Armour Boutique.
  1578 | D:2      | Reached XP level 3. HP: 34/35 MP: 7/7
  2054 | D:2      | Reached skill level 1 in Invocations
  2116 | D:2      | Noticed Jessica
  2133 | D:2      | Killed Jessica
  2134 | D:2      | Reached skill level 1 in Short Blades
  2134 | D:2      | Reached skill level 1 in Long Blades
  2134 | D:2      | Reached skill level 1 in Axes
  2134 | D:2      | Reached skill level 1 in Maces & Flails
  2134 | D:2      | Reached skill level 1 in Polearms
  2134 | D:2      | Reached skill level 1 in Staves
  2134 | D:2      | Reached skill level 1 in Ranged Weapons
  2134 | D:2      | Reached skill level 1 in Armour
  2134 | D:2      | Reached skill level 1 in Stealth
  2134 | D:2      | Reached skill level 1 in Shields
  2134 | D:2      | Reached skill level 1 in Unarmed Combat
  2134 | D:2      | Reached skill level 1 in Evocations
  2134 | D:2      | Reached XP level 4. HP: 35/41 MP: 5/8
  3272 | D:3      | Reached skill level 1 in Conjurations
  3272 | D:3      | Reached skill level 1 in Hexes
  3272 | D:3      | Reached skill level 1 in Summonings
  3272 | D:3      | Reached skill level 1 in Necromancy
  3272 | D:3      | Reached skill level 1 in Translocations
  3272 | D:3      | Reached skill level 1 in Transmutations
  3272 | D:3      | Reached skill level 1 in Ice Magic
  3272 | D:3      | Reached skill level 1 in Air Magic
  3272 | D:3      | Reached skill level 1 in Earth Magic
  3272 | D:3      | Reached skill level 1 in Poison Magic
  4004 | D:3      | Found Muthuduc's Antique Armour Emporium.
  4084 | D:3      | HP: 2/41 [something (1)]
  4085 | D:3      | Killed from afar by an orc priest

Illustrated notes

Levels and vault maps discovered:
D:1:      nzn_arrival_depleted_hourglass, layout_basic,
          hellmonk_ecumenical_altar_crossroads, serial_shops,
          nicolae_shop_advertising_works [nicolae_subvault_shop_adworks],
          nicolae_diamond_shop, shop, nicolae_shop_hallway_plus,
          kennysheep_boxes
D:2:      layout_basic, minmay_strange_pillars, ebering_dispersal_statue_hall,
          uniq_jessica
D:3:      layout_rooms, serial_glass, glass_columns_c, glass_columns_a,
          serial_shops, nicolae_diamond_shop, minmay_misc_feat_ornament

Skill      XL: |  1  2  3  4 |
---------------+-------------+-----
Invocations    | 1 |  1.4
Short Blades   | 1 |  1.2
Long Blades    | 1 |  1.2
Axes           | 1 |  1.2
Maces & Flails | 1 |  1.2
Polearms       | 1 |  1.2
Staves         | 1 |  1.2
Ranged Weapons | 1 |  1.2
Armour         | 1 |  1.2
Stealth        | 1 |  1.2
Shields        | 1 |  1.2
Unarmed Combat | 1 |  1.2
Evocations     | 1 |  1.2
Spellcasting   | 3 |  3.0
Conjurations   | 1 |  1.0
Hexes          | 1 |  1.0
Summonings     | 1 |  1.0
Necromancy     | 1 |  1.0
Translocations | 1 |  1.0
Transmutations | 1 |  1.0
Ice Magic      | 1 |  1.0
Air Magic      | 1 |  1.0
Earth Magic    | 1 |  1.0
Poison Magic   | 1 |  1.0
Fighting       | |  6.6
Throwing       | |  2.8
Dodging        | |  2.8
Fire Magic     | |  7.1

Action                   |  1- 3 |  4- 6 || total
-------------------------+-------+-------++-------
Melee: Dagger            |   135 |   199 ||   334
       Bite              |    16 |    22 ||    38
       Punch             |     4 |     4 ||     8
 Cast: Foxfire           |     3 |       ||     3
  Use: Potion            |       |     1 ||     1
 Stab: Sleeping          |     1 |       ||     1
       Distracted        |       |     1 ||     1
Armor: Leather armour    |    40 |    83 ||   123
Dodge: Dodged            |    70 |   129 ||   199

Table legend: (Time is in decaauts)
 A = Elapsed time spent in this place.
 B = Non-inter-level travel time spent in this place.
 C = Inter-level travel time spent in this place.
 D = Time resting spent in this place.
 E = Time spent auto-exploring this place.
 F = Levels seen in this place.
 G = Mean time per level.
                   A        B        C        D        E       F      G
               +--------+--------+--------+--------+--------+-----+--------+
         Total |   4089 |   3956 |    133 |   1447 |   1657 |   3 | 1363.0 |
       Dungeon |   4089 |   3956 |    133 |   1447 |   1657 |   3 | 1363.0 |
               +--------+--------+--------+--------+--------+-----+--------+

Top non-repeatable levels by time:
     D:1: 1592 daAuts
     D:2: 1519 daAuts
     D:3: 978 daAuts
